 Dungeon Crawl Stone Soup version 0.32-a0-314-g526f7d4993 (webtiles) character file.

Game seed: 2364165268948091120

546 Newt the Changeling (level 7, -2/48 HPs)
             Began as an Octopode Shapeshifter on Feb 15, 2024.
             Succumbed to a scorpion's poison
             ... on level 3 of the Dungeon.
             The game lasted 00:05:02 (4015 turns).

Newt the Changeling (Octopode Shapeshifter)         Turns: 4015, Time: 00:05:02

Health: -2/48      AC:  1    Str:  8    XL:     7   Next: 28%
Magic:  7/7        EV: 13    Int: 13    God:
Gold:   111        SH:  0    Dex: 16    Spells: 5/6 levels left

rFire   . .          .
                       - Unarmed
rCold   . . .        (no shield)
rNeg    . . .        (helmet currently unavailable)
rPois   .            (no amulet)
rElec   .            l - ring "Jifim" {Wiz +Blink Str-5 Dex+3}
rCorr   .            (no ring)
SInv    .            (no ring)
Will    +....        (no ring)
Stlth   ++           (no ring)
HPRegen 0.28/turn    (no ring)
MPRegen 0.10/turn    (no ring)
                     (no ring)

%: wizardry (x1)
@: mighty, lethally poisoned (-2 -> -16), beast-form, attractive, enlightened,
flying
A: beast (slay +3), almost no armour, amphibious, 8 rings, camouflage 1,
gelatinous body 1, (nimble swimmer 1), tentacles
a: Begin Untransformation, Evoke Blink


You were on level 3 of the Dungeon.
You were a hulking beast.
You visited 1 branch of the dungeon, and saw 4 of its levels.
You also visited: Sewer.

You collected 111 gold pieces.

Inventory:

Missiles
 j - 6 poisoned darts
Jewellery
 l - the ring "Jifim" (left tentacle) {Wiz +Blink Str-5 Dex+3}
   (You found it in a sewer)

   [ring of wizardry]

   Wiz:       It improves your spell success rate.
   Str-5:     It affects your strength (-5).
   Dex+3:     It affects your dexterity (+3).
   +Blink:    It lets you blink.
Talismans
 b - a beast talisman (active)
 c - a flux talisman
Scrolls
 a - a scroll of blinking
 e - a scroll of brand weapon
 f - a scroll of revelation
 h - a scroll of acquirement {unknown}
 k - 2 scrolls of teleportation
 r - a scroll of vulnerability {unknown}
Potions
 d - a potion of attraction
 m - a potion of resistance {unknown}
 o - a potion of curing {unknown}
 p - 2 potions of lignification
 q - a potion of degeneration {unknown}
 s - a potion of haste {unknown}


   Skills:
 + Level 4.2 Fighting
 - Level 2.0 Dodging
 - Level 3.0 Unarmed Combat
 * Level 6.4 Shapeshifting


You had 5 spell levels left.
You knew the following spells:

 Your Spells              Type           Power      Damage    Failure   Level
a - Sandblast             Erth           0%         2d4       12%         1

Your spell library contained the following spells:

 Spells                   Type           Power      Damage    Failure   Level
 Passwall                 Erth           0%         N/A       34%         3
 Stone Arrow              Conj/Erth      0%         3d7       34%         3
 Brom's Barrelling Bould  Conj/Erth      0%         2d3       73%         4


Dungeon Overview and Level Annotations

Branches:
Dungeon (4/15)              Sewer (visited)
 Temple: D:4-7

Altars:

Portals:
Abyss: D:3

Annotations:
D:3 2 transporters, scarr's ghost, amateur MDFi


Innate Abilities, Weirdness & Mutations

You are a hulking beast.
Your limbs bulge with bestial killing power. (Slay +3)
You cannot wear most types of armour.
You are amphibious.
You can wear up to eight rings at the same time.
Your skin changes colour to match your surroundings (Stealth+).
Your rubbery body absorbs attacks. (AC +1, EV +1)
((You are camouflaged when in or above water. (Stealth+)))
You have tentacles for arms and can constrict up to eight enemies at once.


Message History

You barely miss the ball python. You grab the ball python.
You squeeze the ball python.
You kill the ball python!
You tentacle-slap the scorpion. You grab the scorpion.
The scorpion is lightly wounded.
You constrict the scorpion, but do no damage.
The scorpion stings you.
You are poisoned.
The scorpion poisons you!
The gnoll hits you from afar with a +0 spear.
You release your grip on the scorpion.
You feel sick. The scorpion stings you!
You are more poisoned.
The scorpion poisons you!
The gnoll hits you from afar with a +0 spear.
You climb upwards.
Level annotation: 2 transporters, scarr's ghost, amateur MDFi You feel very sick.
There is a stone staircase leading down here.
You closely miss the scorpion. Your grab misses the scorpion.
The scorpion is lightly wounded.
You feel very sick. The scorpion stings you!
* * * LOW HITPOINT WARNING * * *
Unknown command.
It was a potion of attraction.
You feel attractive to monsters.
You feel sick. The scorpion stings you.
* * * LOW HITPOINT WARNING * * *
You are lethally poisoned!
The scorpion poisons you! The scorpion stings you.
* * * LOW HITPOINT WARNING * * *
It was a potion of might.
You feel very mighty all of a sudden.
* * * LOW HITPOINT WARNING * * *
You feel very sick. The scorpion closely misses you.
It was a potion of enlightenment.
You feel very buoyant.
You fly up into the air.
You die...

#..............)..#####.
#.###................... #.#
#.......####..#####.
##.###.......# #........
####...#####.#.#####..####..
#......# #..#.##.....# #.# #
#.##...# #.##.##.##..# #.# #
#.###### #.##.##.##..# #.# # #.#
####h##.##.##..####.# ######.####
#...s............##.# ..........#
#.#####...........#.#
#####..##.###.# #..#.....#..#.#
#..##...).#####....#......... ##
#..######........#.##>....... .#
#..# #.......##.###.#..#.# .#
#..# #..............#..#.#
.####..######.......<......#..#.#


You could see a scorpion.

Vanquished Creatures
  A bullfrog (Sewer)
  An orc priest (D:4)
  A sleepcap (D:3)
  12 gnolls
  2 river rats (D:3)
  7 adders
  7 dart slugs
  2 ribbon worms
  3 orcs (D:4)
  5 bats
  15 endoplasms
  13 giant cockroaches
  5 goblins
  5 hobgoblins
  8 jackals
  4 quokkas
  12 ball pythons
  12 frilled lizards
  4 kobolds
  8 rats
127 creatures vanquished.

Notes
Turn   | Place    | Note
-------+----------+-------------------------------------------
     0 | D:1      | Newt the Octopode Shapeshifter began the quest for the Orb.
     0 | D:1      | Reached XP level 1. HP: 13/13 MP: 1/1
   125 | D:1      | Reached XP level 2. HP: 18/18 MP: 2/2
   424 | D:1      | Reached XP level 3. HP: 24/24 MP: 3/3
  1243 | D:2      | Identified the +0 leather armour of the Distant Future
                  | {rPois}
  1487 | D:2      | Reached skill level 4 in Shapeshifting
  1543 | D:2      | Reached XP level 4. HP: 18/29 MP: 4/4
  1790 | D:2      | Identified the +0 pair of boots of Fabulous Wonder {rF+
                  | Int+4 Stlth-}
  2136 | D:3      | Found a transporter.
  2147 | D:3      | Reached XP level 5. HP: 31/35 MP: 5/5
  2288 | D:3      | Found a glowing drain.
  2295 | D:3      | Reached skill level 5 in Shapeshifting
  2349 | Sewer    | Entered a sewer
  2429 | Sewer    | Reached XP level 6. HP: 33/42 MP: 6/6
  3017 | Sewer    | Identified the ring "Jifim" {Wiz +Blink Str-5 Dex+3}
  3082 | D:3      | Learned a level 1 spell: Sandblast
  3186 | D:3      | Reached skill level 6 in Shapeshifting
  3190 | D:3      | Reached XP level 7. HP: 32/48 MP: 7/7
  3315 | D:3      | Found a transporter.
  3321 | D:3      | Noticed a small abomination
  3322 | D:3      | Noticed a small abomination
  3405 | D:3      | Found a one-way gate to the infinite horrors of the Abyss.
  3405 | D:3      | Noticed scarr's ghost (amateur MDFi)
  4014 | D:3      | HP: 1/48 [poisoned by a scorpion]
  4015 | D:3      | Succumbed to a scorpion's poison

Illustrated notes

Levels and vault maps discovered:
D:1:      ncdulo_halloftheorcs, layout_basic
D:2:      layout_basic
D:3:      layout_loops_ring, portal_sewer_entry_e,
          gammafunk_ghost_abyssal_escape
D:4:      layout_loops_ring, temple_green, nicolae_letterblocks
          [nicolae_letter_subblock, nicolae_letter_subblock,
          nicolae_letter_subblock, nicolae_letter_subblock,
          nicolae_letter_subblock, nicolae_letter_subblock,
          nicolae_letter_subblock, nicolae_letter_subblock,
          nicolae_letter_subblock, nicolae_letter_subblock,
          nicolae_letter_subblock, nicolae_letter_subblock,
          nicolae_letter_subblock, nicolae_letter_subblock,
          nicolae_letter_subblock, nicolae_letter_subblock,
          nicolae_letter_subblock, nicolae_letter_subblock,
          nicolae_letter_subblock, nicolae_letter_subblock,
          nicolae_letter_subblock, nicolae_letter_subblock,
          nicolae_letter_subblock, nicolae_letter_subblock,
          nicolae_letter_subblock], uniq_duvessa

Skill      XL: |  1  2  3  4  5  6 |
---------------+-------------------+-----
Fighting       | 2 3 4 |  4.2
Shapeshifting  | 4 5 6 |  6.4
Dodging        | |  2.0
Unarmed Combat | |  3.0

Action                     |  1- 3 |  4- 6 |  7- 9 || total
---------------------------+-------+-------+-------++-------
  Melee: Unarmed           |    47 |   148 |    46 ||   241
         Constrict         |     8 |    46 |    15 ||    69
         Tentacles         |     8 |    32 |     8 ||    48
         Punch             |     1 |     7 |     2 ||    10
   Cast: Sandblast         |       |     2 |     4 ||     6
    Use: Scroll            |       |     1 |     2 ||     3
         Potion            |       |     1 |     3 ||     4
   Stab: Sleeping          |    13 |    13 |     3 ||    29
 Armour: Skin              |    12 |    65 |    30 ||   107
  Dodge: Dodged            |     9 |    80 |    22 ||   111

Table legend: (Time is in decaauts)
 A = Elapsed time spent in this place.
 B = Non-inter-level travel time spent in this place.
 C = Inter-level travel time spent in this place.
 D = Time resting spent in this place.
 E = Time spent auto-exploring this place.
 F = Levels seen in this place.
 G = Mean time per level.
                   A        B        C        D        E       F      G
               +--------+--------+--------+--------+--------+-----+--------+
         Total |   4007 |   3929 |     78 |    876 |   2325 |   5 |  801.4 |
       Dungeon |   3321 |   3243 |     78 |    470 |   2237 |   4 |  830.2 |
         Sewer |    685 |    685 |      0 |    406 |     88 |   1 |  685.0 |
               +--------+--------+--------+--------+--------+-----+--------+

Top non-repeatable levels by time:
     D:1: 1201 daAuts
     D:3: 1032 daAuts
     D:2: 984 daAuts
   Sewer: 685 daAuts
     D:4: 103 daAuts
